 Dungeon Crawl Stone Soup version 0.27.1-33-g824d729ab1 (webtiles) character file.

Game seed: 9849335809692405023

5488 belegose the Firebug (level 10, -3/75 (83) HPs)
             Began as a Red Draconian Brigand on Dec 8, 2021.
             Was an Initiate of Gozag.
             Slain by a wight (14 damage)
             ... on level 9 of the Dungeon.
             The game lasted 00:24:08 (10281 turns).

belegose the Firebug (Red Draconian Brigand)       Turns: 10281, Time: 00:24:09

HP:   -3/75 (83)    AC:  9    Str: 14    XL:     10   Next: 42%
MP:   10/10         EV: 18    Int: 14    God:    Gozag
Gold: 1191          SH:  0    Dex: 18    Spells: 9/9 levels left

rFire    + + .     SeeInvis .   z - +1 scimitar (freeze)
rCold    . . .     Faith    .   (no shield)
rNeg     + . .     Spirit   .   (armour unavailable)
rPois    .         Reflect  .   (helmet restricted)
rElec    +         Harm     .   b - +0 cloak
rCorr    .         Rampage  .   i - +0 pair of gloves
Will     .....                  (no boots)
Stlth    +++.......             B - amulet of the acrobat
HPRegen  0.22/turn              I - ring of Trepidation {rElec rN+ EV+4 Dex+5}
MPRegen  0.12/turn              d - ring of protection from fire

@: drained
A: breathe fire, AC +7, unfitting armour, fire resistance 1, cold-blooded
a: Breathe Fire, Renounce Religion, Potion Petition, Call Merchant, Bribe Branch


You were on level 9 of the Dungeon.
You worshipped Gozag.
Gozag was most pleased with you.
You visited 2 branches of the dungeon, and saw 10 of its levels.

You collected 1259 gold pieces.
You paid 68 gold pieces to Gozag.

Inventory:

Hand Weapons
 a - a +2 dagger of draining
 z - a +1 scimitar of freezing (weapon)
Missiles
 c - 23 poisoned darts (quivered)
 e - 119 stones
 m - 3 javelins
 y - 5 boomerangs
Armour
 b - a +0 cloak (worn)
 i - a +0 pair of gloves (worn)
Magical Staves
 H - a staff of fire
Jewellery
 d - a ring of protection from fire (right hand)
 l - an amulet of regeneration
 x - an amulet of reflection
 B - an amulet of the acrobat (around neck)
 I - the ring of Trepidation (left hand) {rElec rN+ EV+4 Dex+5}
   (You found it on level 6 of the Dungeon)

   [ring of evasion]

   EV:        It affects your evasion (+4).
   Dex:       It affects your dexterity (+5).
   rElec:     It insulates you from electricity.
   rN:        It protects you from negative energy.
 M - an amulet of magic regeneration
Wands
 v - a wand of iceblast (15)
 A - a wand of acid (10)
 J - a wand of paralysis (9)
 K - a wand of polymorph (7)
Scrolls
 h - a scroll of vulnerability {unknown}
 j - 3 scrolls of immolation {unknown}
 k - 4 scrolls of enchant armour {unknown}
 r - 3 scrolls of fog {unknown}
 s - 3 scrolls of teleportation {unknown}
 t - a scroll of enchant weapon {unknown}
 u - 2 scrolls of noise {unknown}
 D - a scroll of identify
 E - a scroll of magic mapping {unknown}
 G - a scroll of fear {unknown}
Potions
 f - a potion of might
 g - 2 potions of brilliance
 n - 3 potions of mutation
 o - 4 potions of flight
 p - 6 potions of heal wounds
 q - 2 potions of ambrosia
 w - 3 potions of curing
 C - a potion of berserk rage
 F - 2 potions of magic
 L - a potion of haste {unknown}


   Skills:
 - Level 6.0 Fighting
 - Level 5.4 Short Blades
 + Level 5.8 Staves
 - Level 5.0 Throwing
 - Level 4.6 Dodging
 - Level 6.3 Stealth
 + Level 7.2 Fire Magic
 + Level 6.0 Evocations


You had 9 spell levels left.
You didn't know any spells.
Your spell library contained the following spells:

 Spells                   Type           Power      Damage    Failure   Level
 Corona                   Hex            0%         N/A       28%         1
 Corpse Rot               Necr/Air       N/A        N/A       41%         2
 Ensorcelled Hibernation  Hex/Ice        0%         N/A       41%         2
 Static Discharge         Conj/Air       0%         N/A       41%         2
 Tukima's Dance           Hex            0%         N/A       65%         3
 Dispel Undead            Necr           0%         3d6       96%         4
 Passage of Golubria      Tloc           N/A        N/A       96%         4
 Lightning Bolt           Conj/Air       0%         1d11      100%        5
 Yara's Violent Unravell  Hex/Tmut       0%         3d3       100%        5
 Death Channel            Necr           0%         N/A       100%        6
 Maxwell's Capacitive Co  Air            0%         ∞         100%        8


Dungeon Overview and Level Annotations

Branches:
Dungeon (9/15)             Temple (1/1) D:4
   Lair: D:8-11         Orc: D:9-12

Altars:
Cheibriados
Dithmenos
Elyvilon
Fedhas
Gozag
Hepliaklqana
Kikubaaqudgha
Makhleb
Nemelex Xobeh
Okawaru
Qazlal
Ru
Sif Muna
Trog
Vehumet
Wu Jian
Xom
Yredelemnul
Zin
The Shining One

Shops:
D:3 :

Annotations:
D:5 3 runed translucent doors, exclusion: 3 doors, Icepheonix32's ghost, novice MfTm


Innate Abilities, Weirdness & Mutations

You can breathe blasts of fire.
Your fiery red scales are hard. (AC +7)
You cannot fit into any form of body armour.
Your flesh is heat resistant. (rF+)
You are cold-blooded and may be slowed by cold attacks.


Message History

You hit the wight but do no damage.
The wight is lightly damaged.
The wight misses you.
You riposte.
You hit the wight.
The wight is lightly damaged.
The wight misses you.
Unknown command.
Unknown command.
You hit the wight but do no damage.
You tail-slap the wight, but do no damage.
The wight is lightly damaged.
You feel yourself speed up. The wight misses you.
The wight hits you with a +3 halberd of freezing.
* * * LOW HITPOINT WARNING * * *
You partially resist.
You feel drained. The wight freezes you.
* * * LOW HITPOINT WARNING * * *
You hit the wight.
The wight is heavily damaged.
The wight barely misses you.
You closely miss the wight. You tail-slap the wight.
The wight is heavily damaged.
The wight completely misses you.
You hit the wight.
The wight is severely damaged.
The wight hits you with a +3 halberd of freezing.
* * * LOW HITPOINT WARNING * * *
The wight freezes you.
* * * LOW HITPOINT WARNING * * *
Unknown command.
You hit the wight.
The wight is almost destroyed.
The wight barely misses you. The wight misses you.
You riposte.
You closely miss the wight.
The wight is almost destroyed.
Unknown command.
You completely miss the wight.
The wight is almost destroyed.
The wight hits you with a +3 halberd of freezing!
You die...
Your body crumbles into a pile of gold.

##### # # ## ## ### .# .##
#.. .# ..## #.## .# # ...##
#..## .#.##
)...####...##########....###
....'...........@z$$..(.....
....####...##########....###
...## #..## z#.## ..## #.##
.# # <## #..# .. ## ##.# .#
# #.# .# # #.# .. ## #.#


You could see a wight.

Vanquished Creatures
  A hydra (D:7)
  Joseph (D:8)
  Maggie (D:9)
  Psyche (D:8)
  A hornet (D:8)
  4 yaks (D:8)
  A wraith (D:6)
  A wyvern (D:5)
  Menkaure (D:5)
  2 water moccasins
  3 orc warriors
  A black bear (D:7)
  A sky beast (D:4)
  A necrophage (D:5)
  An ogre (D:5)
  A kobold brigand (D:9)
  3 bullfrogs
  A water moccasin zombie (D:6)
  3 scorpions
  11 wights
  An electric eel (D:7)
  5 howler monkeys
  A centaur zombie (D:5)
  3 bullfrog zombies
  3 hounds
  3 iguanas
  7 orc wizards
  A hound zombie (D:5)
  A hound skeleton (D:5)
  5 adders
  8 gnolls (D:6)
  A shadow imp (D:4)
  A white imp (D:5)
  An ufetubus (D:6)
  2 worms
  3 dart slugs
  29 orcs
  4 ball pythons
  9 endoplasms
  2 giant cockroaches
  11 goblins
  5 hobgoblins
  3 jackals (D:4)
  17 kobolds
  2 quokkas
  7 bats
  A frilled lizard (D:1)
  4 rats
180 creatures vanquished.

Vanquished Creatures (others)
  An orc wizard (D:7)
1 creature vanquished.

Grand Total: 181 creatures vanquished

Notes
Turn   | Place    | Note
-------+----------+-------------------------------------------
     0 | D:1      | belegose the Draconian Brigand began the quest for the Orb.
     0 | D:1      | Reached XP level 1. HP: 17/17 MP: 1/1
   159 | D:1      | Found a faded altar of an unknown god.
   162 | D:1      | Reached skill level 1 in Dodging
   314 | D:1      | Reached XP level 2. HP: 25/25 MP: 2/2
  1327 | D:2      | Reached XP level 3. HP: 30/30 MP: 3/3
  1975 | D:3      | Found Bolihabue's Book Emporium.
  2094 | D:3      | Found an ancient bone altar of Kikubaaqudgha.
  2118 | D:3      | Found a stormy altar of Qazlal.
  2177 | D:3      | Reached XP level 4. HP: 37/37 MP: 4/4
  2344 | D:3      | Found a glowing silver altar of Zin.
  2819 | D:4      | Found a staircase to the Ecumenical Temple.
  2834 | Temple   | Entered the Ecumenical Temple
  2843 | Temple   | Became a worshipper of Gozag Ym Sagoz the Greedy
  2931 | D:4      | Reached XP level 5. HP: 38/45 MP: 5/5
  3212 | D:4      | Noticed a sky beast
  3216 | D:4      | Killed a sky beast
  3217 | D:4      | Reached XP level 6. HP: 52/52 MP: 6/6
  3792 | D:5      | Entered Level 5 of the Dungeon
  3926 | D:5      | Found a white marble altar of Elyvilon.
  4258 | D:6      | You fall into a shaft and drop 1 floor!
  4290 | D:7      | Your scales start taking on a fiery red colour.
  4290 | D:7      | Reached XP level 7. HP: 58/59 MP: 7/7
  4290 | D:7      | Gained mutation: Your flesh is heat resistant. (rF+) [Red
                  | Draconian growth]
  4413 | D:5      | Reached skill level 5 in Stealth
  4467 | D:5      | Noticed Menkaure
  4471 | D:5      | Killed Menkaure
  4514 | D:5      | Noticed a wyvern
  4609 | D:5      | Killed a wyvern
  4772 | D:5      | Found a runed translucent gate.
  4788 | D:5      | Found a runed translucent gate.
  4788 | D:5      | Found a runed translucent gate.
  4791 | D:5      | Noticed Icepheonix32's ghost (novice MfTm)
  4812 | D:5      | Reached skill level 5 in Fighting
  4812 | D:5      | Reached XP level 8. HP: 58/68 MP: 8/8
  5334 | D:6      | Found a burning altar of Makhleb.
  5516 | D:6      | Reached skill level 5 in Short Blades
  5856 | D:6      | Found an iron altar of Okawaru.
  6197 | D:6      | Found a hazy altar of Hepliaklqana.
  6253 | D:6      | Identified the ring of Trepidation {rElec rN+ EV+4 Dex+5}
  6653 | D:7      | Reached skill level 5 in Throwing
  6778 | D:7      | Reached skill level 1 in Fire Magic
  6879 | D:7      | Reached skill level 1 in Evocations
  6879 | D:7      | Reached XP level 9. HP: 53/75 MP: 9/9
  7033 | D:7      | Found a blossoming altar of Fedhas.
  7091 | D:7      | Reached skill level 1 in Staves
  7129 | D:7      | Reached skill level 2 in Fire Magic
  7561 | D:7      | Reached skill level 3 in Fire Magic
  8058 | D:7      | Noticed a four-headed hydra
  8073 | D:7      | Killed a four-headed hydra
  8074 | D:7      | Reached skill level 4 in Fire Magic
  8325 | D:8      | Reached skill level 5 in Fire Magic
  8981 | D:8      | Noticed Joseph
  8981 | D:8      | Paralysed by Joseph for 5 turns
  8998 | D:8      | Paralysed by Joseph for 5 turns
  9012 | D:8      | Killed Joseph
  9181 | D:8      | Noticed Psyche
  9206 | D:8      | Killed Psyche
  9207 | D:8      | Reached XP level 10. HP: 34/83 MP: 10/10
  9502 | D:8      | Reached skill level 6 in Fire Magic
  9502 | D:8      | Reached skill level 5 in Evocations
  9527 | D:8      | Reached skill level 5 in Staves
 10085 | D:9      | Noticed Maggie
 10097 | D:9      | Killed Maggie
 10206 | D:9      | Noticed a two-headed ogre
 10237 | D:9      | Reached skill level 7 in Fire Magic
 10281 | D:9      | Slain by a wight

Illustrated notes

Levels and vault maps discovered:
D:1:      minmay_arrival_wavy_path, layout_basic, basic_ecumenical_altar
D:2:      layout_basic
D:3:      layout_basic, zin_treasury, grunt_temple_overflow_open, serial_shops,
          shop_fountains
D:4:      layout_basic, minmay_temple_entry_mini_moons, nrook_mini_backslash
D:5:      minmay_chambers_of_fours, layout_basic,
          mainiacjoe_overflow_concentric_impassable, gammafunk_ghost_necromancy,
          serial_glass, glass_columns_a, glass_columns_a, glass_columns_a,
          glass_columns_a, due_unseen_surprise, uniq_menkaure
D:6:      layout_loops_cross, lemuel_tele_altar, amcnicky_altar_gilded,
          mainiacjoe_overflow_brackets
D:7:      layout_rooms, lemuel_round_altar, eino_tiny_chamber,
          nicolae_water_bricks, grunt_decor_arrowhead, palyth_stone_intersect
D:8:      layout_rooms, uniq_psyche, uniq_joseph
D:9:      layout_loops_corners, dancing_weapons_uskayaw,
          lightli_bailey_entry_fortress, chequers_serial_rivers_small_a,
          uniq_erolcha, uniq_maggie
Temple:   nicolae_temple_no_exploring_needed

Skill      XL: |  1  2  3  4  5  6  7  8  9 10 |
---------------+-------------------------------+-----
Dodging        | 1 2 3 4 |  4.6
Throwing       | 2 3 4 5 |  5.0
Stealth        | 4 5 6 |  6.3
Fighting       | 3 4 5 6 |  6.0
Short Blades   | 3 4 5 |  5.4
Fire Magic     | 1 5 7 |  7.2
Evocations     | 1 4 6 |  6.0
Staves         | 4 5 |  5.8

Action                   |  1- 3 |  4- 6 |  7- 9 | 10-12 || total
-------------------------+-------+-------+-------+-------++-------
Melee: Dagger            |   135 |   130 |   354 |   112 ||   731
       Tailslap          |    11 |    14 |    78 |    36 ||   139
       Staff             |       |       |   115 |       ||   115
       Scimitar          |       |       |       |    43 ||    43
Throw: Dart              |     3 |     4 |    29 |       ||    36
       Stone             |     3 |       |       |       ||     3
       Boomerang         |       |       |     5 |       ||     5
       Javelin           |       |       |     5 |       ||     5
Evoke: Wand              |       |       |     8 |       ||     8
  Use: Scroll            |     1 |     4 |     5 |       ||    10
 Stab: Sleeping          |    12 |     4 |     7 |     5 ||    28
       Distracted        |       |       |     5 |     1 ||     6
Armor: Skin              |    36 |    41 |   104 |    16 ||   197
Dodge: Dodged            |    65 |    40 |   262 |   101 ||   468
Block: Other             |       |       |     8 |       ||     8
       Rpst.: Scimitar   |       |       |       |    16 ||    16
